cohdb
Replays
Latest Replays
All Replays
Popular Replays
Top Player Replays
Match Explorer
How It Works
Community
CoH3 Stats
Reddit
Sign in to upload your games and track your stats! →
Sign in with Steam
Match 39995766
Unlisted
Match 39995766
Overview
Messages
Build Orders
End
Royal Engineer Section
Selects Canadian Shock Battlegroup
Selects Canadian Shock Battlegroup
Selects Canadian Shock Battlegroup
Construct Section Command Post
Infantry Section
Infantry Section
Selects Attacking Spirit
Selects Canadian Shock Section
Canadian Shock Section
Construct Platoon Command Post
Selects Incendiary Munitions
Canadian Shock Section
Selects Burnout
Humber Armored Car
Construct Company Command Post
Selects Smoke Operation
Grenade Package
Crusader II Medium Tank
Selects Pyrotechnics
Unlock M3 Grant Medium Tanks
M3 Grant Medium Tank
M3 Grant Medium Tank
Infantry Section
Selects Churchill Crocodile Heavy Tank
Churchill Crocodile Heavy Tank
Burnout
M3 Grant Medium Tank
Selects Point Assault
Crusader II Medium Tank
Burnout
M3 Grant Medium Tank
Canadian Shock Section
Burnout
Armored Vehicle Training
Burnout
M3 Grant Medium Tank
M3 Grant Medium Tank
Dancal
^3
0
0
Comments
sign in to comment!
No comments posted yet!